 Dungeon Crawl Stone Soup version 0.26.1-2-gb8aa6d0cf2 (webtiles) character file.

Game seed: 16601149251541413495

317316 jlumianski the Warrior (level 20, -4/192 HPs)
             Began as a Palentonga Fighter on Feb 17, 2021.
             Was the Champion of Okawaru.
             Killed from afar by a deep elf sorcerer (34 damage)
             ... with damnation
             ... on level 3 of the Elven Halls on Feb 22, 2021.
             The game lasted 05:00:52 (53167 turns).

jlumianski the Warrior (Palentonga Fighter)        Turns: 53167, Time: 05:00:53

Health: -4/192     AC: 41    Str: 31    XL:     20   Next: 55%
Magic:  0/40       EV:  6    Int: 20    God:    Okawaru [******]
Gold:   3795       SH: 13    Dex:  7    Spells: 19/19 levels left

rFire    + + +     SeeInvis +   y - +6 broad axe "Deoseiji" {flame, rN+ MP+9}
rCold    + . .     Faith    .   c - +0 kite shield
rNeg     + + .     Spirit   +   i - +9 plate armour of Decaying Miracles {Rampage rF+ Int+3 Dex-2}
rPois    +         Reflect  .   o - +2 hat of the Bear Spirit {Spirit, +Rage rN+ Will++}
rElec    +         Harm     .   v - +2 cloak {rPois}
rCorr    .         Rampage  +   p - +2 pair of gloves of the Sunfish {rElec Int+6}
Will     +++++                  Z - +0 barding "Inno" {rC+ Str+4}
Stlth    ..........             S - amulet "Inapiosa" {Will+ Regen+}
HPRegen  0.82/turn              C - +4 ring of protection
MPRegen  0.27/turn              t - ring of Baif {rF++ Slay+4}

@: corroded, studying Fighting, curled up
A: large, rugged brown scales 3, see invisible, deformed body, strong-willed 1,
roll 2, armoured tail, reflexive curl
}: 2/15 runes: barnacled, gossamer
a: Rolling Charge, Renounce Religion, Evoke Berserk Rage, Heroism, Finesse


You were on level 3 of the Elven Halls.
You worshipped Okawaru.
Okawaru was exalted by your worship.
You visited 7 branches of the dungeon, and saw 35 of its levels.
You visited the Abyss 1 time.
You also visited: Bailey and Ice Cave.

You collected 5697 gold pieces.
You spent 1902 gold pieces at shops.

Inventory:

Hand Weapons
 y - the +6 broad axe "Deoseiji" (weapon) {flame, rN+ MP+9}
   (Okawaru gifted it to you on level 2 of the Spider Nest)

   It has been specially enchanted to burn those struck by it, causing extra
   injury to most foes and up to half again as much damage against particularly
   susceptible opponents.
   Big, fiery blades are also staple armaments of hydra-hunters.
   It protects you from negative energy.
   It affects your magic capacity (+9).
 A - the +10 eveningstar "Icleall" {holy, rElec rF+ rN+ Will+}
   (Okawaru gifted it to you on level 1 of the Shoals)

   It has been blessed by the Shining One to cause great damage to the undead
   and demons.
   It protects you from fire.
   It insulates you from electricity.
   It protects you from negative energy.
   It affects your willpower, your defense against some magical effects.
 E - the +9 demon whip of Cehavo Vanor {flame, rPois rC+ Stlth-}
   (Okawaru gifted it to you on level 1 of the Elven Halls)

   It has been specially enchanted to burn those struck by it, causing extra
   injury to most foes and up to half again as much damage against particularly
   susceptible opponents.
   It protects you from cold.
   It protects you from poison.
   It makes you less stealthy.
 J - the +2 Maxwell's thermic engine {flame, freeze}
   (You found it on level 6 of the Lair of Beasts)

   It has been specially enchanted to burn those struck by it, causing extra
   injury to most foes and up to half again as much damage against particularly
   susceptible opponents.
   Big, fiery blades are also staple armaments of hydra-hunters.
   It has been specially enchanted to freeze those struck by it, causing extra
   injury to most foes and up to half again as much damage against particularly
   susceptible opponents.
Missiles
 k - 39 silver javelins
 u - 75 poisoned darts
 Q - 145 boomerangs (quivered)
 X - 8 boomerangs of dispersal
Armour
 c - a +0 kite shield (worn)
 i - the +9 plate armour of Decaying Miracles (worn) {Rampage rF+ Int+3 Dex-2}
   (You bought it in a shop on level 12 of the Dungeon)

   It affects your intelligence (+3).
   It affects your dexterity (-2).
   It protects you from fire.
   It bestows one free step when moving towards enemies.
 o - the +2 hat of the Bear Spirit (worn) {Spirit, +Rage rN+ Will++}
   (You found it on level 13 of the Dungeon)

   It protects you from negative energy.
   It affects your willpower, your defense against some magical effects.
   It lets you go berserk.
 p - the +2 pair of gloves of the Sunfish (worn) {rElec Int+6}
   (Okawaru gifted it to you on level 9 of the Dungeon)

   It affects your intelligence (+6).
   It insulates you from electricity.
 v - a +2 cloak of poison resistance (worn)
 Z - the +0 barding "Inno" (worn) {rC+ Str+4}
   (Okawaru gifted it to you on level 13 of the Dungeon)

   It affects your strength (+4).
   It protects you from cold.
Jewellery
 a - an uncursed amulet of reflection
 b - an uncursed ring of resist corrosion
 f - a +4 ring of evasion
 j - an uncursed ring of flight
 t - the ring of Baif (right hand) {rF++ Slay+4}
   (You acquired it on level 1 of the Spider Nest)

   [ring of slaying]

   It affects your accuracy and damage with ranged weapons and melee attacks
   (+4).
   It greatly protects you from fire.
 C - a +4 ring of protection (left hand)
 F - an uncursed amulet of faith
 H - an uncursed ring of protection from fire
 S - the amulet "Inapiosa" (around neck) {Will+ Regen+}
   (You acquired it on level 15 of the Dungeon)

   [amulet of regeneration]

   It affects your willpower, your defense against some magical effects.
   It increases your rate of regeneration.
Wands
 m - a wand of digging (19)
 U - a wand of iceblast (64)
 W - a wand of acid (29)
Scrolls
 g - 18 scrolls of remove curse
 l - 3 scrolls of amnesia
 n - 3 scrolls of silence
 q - 5 scrolls of magic mapping
 s - 4 scrolls of blinking
 w - 10 scrolls of identify
 x - 23 scrolls of teleportation
 I - 2 scrolls of enchant weapon
 K - a scroll of fear
Potions
 d - 9 potions of might
 e - 20 potions of curing
 h - 6 potions of flight
 r - a potion of brilliance
 z - 5 potions of lignification
 L - 2 potions of heal wounds
 N - a potion of haste
 T - a potion of resistance
 Y - a potion of cancellation
Books
 R - a manual of Fighting
Miscellaneous
 B - a condenser vane
 D - a phial of floods
 G - a tin of tremorstones (2/2)
 M - a lightning rod (4/4)


   Skills:
 + Level 15.9 Fighting
 * Level 9.7 Long Blades
 + Level 12.9(15.5) Axes
 - Level 14.8(16.5) Maces & Flails
 + Level 3.0 Throwing
 + Level 13.3 Armour
 + Level 5.5 Dodging
 - Level 11.2 Shields
 * Level 15.6 Invocations
 * Level 11.3 Evocations


You had 19 spell levels left.
You didn't know any spells.
Your spell library contained the following spells:

 Spells                   Type           Power        Failure   Level
 Animate Skeleton         Necr           0%           71%         1
 Apportation              Tloc           0%           71%         1
 Beastly Appendage        Tmut           0%           71%         1
 Corona                   Hex            0%           71%         1
 Magic Dart               Conj           0%           71%         1
 Pain                     Necr           0%           71%         1
 Sting                    Tmut/Pois      0%           71%         1
 Summon Small Mammal      Summ           0%           71%         1
 Blink                    Tloc           N/A          85%         2
 Call Imp                 Summ           0%           85%         2
 Ensorcelled Hibernation  Hex/Ice        0%           85%         2
 Poisonous Vapours        Pois/Air       0%           85%         2
 Searing Ray              Conj           0%           85%         2
 Slow                     Hex            0%           85%         2
 Wereblood                Tmut           0%           85%         2
 Confusing Touch          Hex            0%           97%         3
 Conjure Flame            Conj/Fire      0%           97%         3
 Dazzling Flash           Conj/Hex       0%           97%         3
 Ignite Poison            Fire/Tmut/Pois 0%           97%         3
 Mephitic Cloud           Conj/Pois/Air  0%           97%         3
 Spider Form              Tmut/Pois      0%           97%         3
 Tukima's Dance           Hex            0%           97%         3
 Vampiric Draining        Necr           0%           97%         3
 Animate Dead             Necr           0%           100%        4
 Fulminant Prism          Conj/Hex       0%           100%        4
 Ice Form                 Ice/Tmut       0%           100%        4
 Iskenderun's Mystic Bla  Conj/Tloc      0%           100%        4
 Olgreb's Toxic Radiance  Pois           0%           100%        4
 Agony                    Necr           0%           100%        5
 Blade Hands              Tmut           0%           100%        5
 Bolt of Magma            Conj/Fire/Erth 0%           100%        5
 Iskenderun's Battlesphe  Conj           0%           100%        5
 Iron Shot                Conj/Erth      0%           100%        6
 Orb of Destruction       Conj           0%           100%        7
 Spellforged Servitor     Conj/Summ      0%           100%        7


Dungeon Overview and Level Annotations

Branches:
Dungeon (15/15)            Temple (1/1) D:5            Lair (6/6) D:9
 Shoals (4/4) Lair:2       Spider (4/4) Lair:4        Slime (0/5) Lair:6
    Orc (2/2) D:12            Elf (3/3) Orc:2        Vaults (0/5) D:13
 Depths (0/5) D:15         Bailey (visited)           IceCv (visited)

Altars:
Ashenzari
Cheibriados
Dithmenos
Elyvilon
Fedhas
Hepliaklqana
Kikubaaqudgha
Makhleb
Nemelex Xobeh
Okawaru
Qazlal
Sif Muna
Trog
Uskayaw
Vehumet
Wu Jian
Xom
Yredelemnul
Zin
The Shining One
Beogh
Jiyva

Shops:
D:4 (   D:5 =   D:12 [(   D:13 =*   Orc:1 (   Orc:2 (!:[(   Shoals:2 *(

Annotations:
D:9 exclusion: statue


Innate Abilities, Weirdness & Mutations

You are completely covered in rugged brown scales. (AC +3, +7% HP)
You have supernaturally acute eyesight. (SInv)
Armour fits poorly on your strangely shaped body.
You can roll at foes to attack.
You have a long armoured tail.
You curl defensively after being hit.
You are strong-willed. (Will+)


Message History

The deep elf mage gestures at you while chanting.
The lance of force hits you but does no damage.
The deep elf sorcerer casts a spell at you.
You resist with almost no effort.
The deep elf mage points at you and mumbles some strange words.
The lance of force hits you!
* * * LOW HITPOINT WARNING * * *
You are knocked back by the lance of force.
You slam into the stone wall!
The deep elf sorcerer shouts, "You can't withstand my power!"
Blink to where?
Press: ? - help, Dir - move target
As you read the scroll of blinking, it crumbles to dust.
The deep elf sorcerer casts a spell at you.
The sphere of damnation explodes!
The damnation engulfs you!!!
* * * LOW HITPOINT WARNING * * *
You feel much better.
The deep elf sorcerer points at you and mumbles some strange words.
The sphere of damnation explodes!
The damnation engulfs you!!
You die... #...#......#... .. #...#......#... # .ee

#...#......#... .##e##e
#...#......#... ......
#...'......#... ...... ###
#...#......#... .... ###.#
#...#......#...
###.#####§e.#######...########...
...).e.e.)e.....@.(..............
...)..[(.........................
.....[.).e.......................
####...e......###############'###
.........#....#..................
.........#....#..................
.........'....#..###'############
.........#....#..#...............
.........#....#..#...............


You could see 2 deep elf sorcerers and a deep elf mage (empowered).

Vanquished Creatures
  Arachne (Spider:3)
  A Hell Sentinel (Abyss:2)
  4 deep elf blademasters
  An Executioner (Abyss:2)
  A deep elf master archer (Elf:2)
  Polyphemus (Shoals:2)
  The ghost of Rennog the Fencer, an adept DsBe of Trog (Elf:2)
  Frances (Elf:1)
  Kirke (D:14)
  Agnes (Orc:2)
  A frost giant (D:13)
  3 deep elf sorcerers
  9 ghost moths
  A cacodemon (Abyss:2)
  An orc warlord (Bailey)
  Aizul (Shoals:1)
  2 emperor scorpions
  A deep elf elementalist (Elf:3)
  2 deep elf demonologists
  5 entropy weavers
  Nessos (Lair:6)
  2 deep elf annihilators
  5 spark wasps
  Snorg (Lair:2)
  5 merfolk javelineers
  A blizzard demon (IceCv)
  An ettin (Orc:2)
  6 merfolk impalers
  A fire dragon (Lair:6)
  4 deep elf death magi
  A deep elf high priest (Elf:2)
  A great orb of eyes (Abyss:2)
  6 ogre magi
  An ice dragon (Shoals:2)
  6 hydras
  2 rakshasas (D:15)
  Fannar (D:12)
  6 boulder beetles
  5 catoblepae
  5 centaur warriors
  An anaconda (Lair:6)
  7 merfolk aquamancers
  2 merfolk avatars
  The ghost of Gadfly the Slicer, a journeyman HaFi of Okawaru (D:11)
  An alligator snapping turtle (Shoals:4)
  23 dancing weapons
  9 two-headed ogres
  A tengu warrior (D:15)
  8 death yaks
  A queen ant (Spider:4)
  4 satyrs
  18 deep elf knights
  2 wretched stars (Abyss:2)
  A fire crab (shapeshifter) (D:12)
  2 sixfirhies (Abyss:2)
  A shadow demon (Abyss:2)
  7 sea snakes
  2 unseen horrors
  A flayed ghost (D:13)
  2 wizards (Elf:1)
  2 glowing orange brains
  A swamp dragon (Lair:6)
  2 orc knights
  A lindwurm (Lair:5)
  14 deep elf archers
  10 harpies
  7 orc sorcerers
  44 wolf spiders
  17 orb spiders
  A wolf spider zombie (D:12)
  62 deep elf magi
  13 manticores
  21 fauns
  12 ugly things
  4 oklob plants
  5 cyclopes
  A guardian serpent (shapeshifter) (D:13)
  2 moths of wrath
  4 smoke demons (Abyss:2)
  5 centaur zombies
  7 elephants
  12 merfolk sirens
  An apocalypse crab (Abyss:2)
  A rust devil (Abyss:2)
  3 ice statues
  3 black mambas
  8 water nymphs
  A black mamba (shapeshifter) (D:15)
  2 gargoyles
  10 cane toads
  3 torpor snails
  2 orange demons (Abyss:2)
  5 yaktaurs
  3 freezing wraiths
  6 rime drakes
  An efreet (D:13)
  11 demonic crawlers
  6 komodo dragons
  14 ice devils (IceCv)
  6 wind drakes
  5 trolls
  A merfolk (shapeshifter) (D:13)
  10 hornets
  39 jumping spiders
  40 merfolk
  14 polar bears
  14 snapping turtles
  10 slime creatures
  14 dream sheep
  4 blink frogs (Lair:5)
  9 raiju
  2 centaur simulacra
  A shadow (D:14)
  2 large abominations (Abyss:2)
  80 redbacks
  23 tarantellas
  A vampire (Abyss:2)
  12 water elementals
  4 wraiths
  2 ynoxinuls (Abyss:2)
  A fire elemental (Lair:4)
  60 yaks
  2 wyverns
  A fire bat (Abyss:2)
  12 basilisks
  A hog (D:14)
  8 vampire mosquitoes
  4 steam dragons
  6 wargs
  A spatial vortex (Abyss:2)
  19 water moccasins
  23 soldier ants
  3 acid dragons
  15 hell hounds
  14 black bears
  An eye of draining (D:12)
  A swamp drake (Lair:6)
  24 orc warriors
  4 sky beasts
  A necrophage (D:5)
  6 ice beasts
  4 phantoms
  16 centaurs
  18 ogres
  26 wolves
  3 small abominations (Abyss:2)
  2 big kobolds
  19 bullfrogs
  2 gnoll sergeants
  An earth elemental (Elf:1)
  A wyvern skeleton (D:13)
  5 scorpions
  11 killer bees
  7 howler monkeys
  8 wights
  5 electric eels
  3 bullfrog zombies
  3 jellies
  2 quasits (Abyss:2)
  19 orc priests
  A gnoll shaman (Orc:1)
  3 bullfrog skeletons
  3 centaur skeletons
  3 hounds
  34 orc wizards
  32 worker ants
  7 iguanas
  A bullfrog simulacrum (D:11)
  A hound zombie (D:9)
  A hound skeleton (D:10)
  22 gnolls
  10 adders
  10 white imps
  2 howler monkey simulacra (D:11)
  3 ufetubi
  An adder skeleton (D:8)
  5 worms
  3 dart slugs
  3 leopard geckos
  79 orcs
  8 bats
  3 giant cockroaches
  14 goblins
  8 hobgoblins
  12 jackals
  8 quokkas
  A ball python (D:3)
  3 frilled lizards
  A jackal skeleton (D:7)
  27 kobolds
  A leopard gecko skeleton (D:6)
  11 rats
  2 crawling corpses (Elf:3)
1499 creatures vanquished.

Vanquished Creatures (others)
  A deep elf knight (Elf:1)
  3 deep elf magi
  2 merfolk
  A large abomination (Abyss:2)
  2 small abominations (Abyss:2)
  2 sky beasts (D:12)
  A boggart (Elf:1)
  A wolf (Lair:6)
  A killer bee (D:12)
  3 orc wizards (Orc:2)
  2 white imps (IceCv)
  6 ufetubi (IceCv)
  An orc (Orc:1)
  27 fungi
  122 plants
175 creatures vanquished.

Grand Total: 1674 creatures vanquished

Notes
Turn   | Place    | Note
-------+----------+-------------------------------------------
     0 | D:1      | jlumianski the Palentonga Fighter began the quest for the
                  | Orb.
     0 | D:1      | Reached XP level 1. HP: 20/20 MP: 1/1
   116 | D:1      | Reached XP level 2. HP: 27/27 MP: 2/2
   755 | D:1      | Reached XP level 3. HP: 33/33 MP: 3/3
  1562 | D:1      | Reached XP level 4. HP: 31/40 MP: 4/4
  1688 | D:2      | Found a basalt altar of Yredelemnul.
  2353 | D:3      | Reached XP level 5. HP: 32/48 MP: 5/5
  2789 | D:4      | Reached XP level 6. HP: 49/55 MP: 6/6
  2892 | D:4      | Found Loafec's Antique Weapon Shoppe.
  3226 | D:5      | Entered Level 5 of the Dungeon
  3367 | D:5      | Reached skill level 5 in Axes
  3483 | D:5      | Found Veezxocw's Jewellery Boutique.
  3500 | D:5      | Found a staircase to the Ecumenical Temple.
  3550 | D:5      | Got a scorched mace
  3551 | D:5      | Identified the +8 mace of Extinguishment {pain, Str+4} (You
                  | found it on level 5 of the Dungeon)
  3570 | Temple   | Entered the Ecumenical Temple
  3583 | Temple   | Became a worshipper of Warmaster Okawaru
  3731 | D:6      | Gained mutation: You curl defensively after being hit.
                  | [Palentonga growth]
  3731 | D:6      | Reached XP level 7. HP: 35/63 MP: 7/7
  3753 | D:5      | Reached * piety under Okawaru
  3754 | D:5      | Reached skill level 1 in Maces & Flails
  4212 | D:6      | Found a burning altar of Makhleb.
  4944 | D:6      | Reached skill level 1 in Throwing
  4966 | D:6      | Reached XP level 8. HP: 43/71 MP: 8/8
  5165 | D:6      | You fall into a shaft and drop 2 floors!
  5165 | D:8      | Found a broken altar of Ashenzari.
  5167 | D:8      | Noticed a two-headed ogre
  5228 | D:6      | Found an ornate altar of the Wu Jian Council.
  5234 | D:6      | Noticed a spectral centipede
  5234 | D:6      | Noticed a spectral black mamba
  6353 | D:8      | Found a shadowy altar of Dithmenos.
  6467 | D:7      | Reached skill level 5 in Maces & Flails
  6472 | D:7      | Reached ** piety under Okawaru
  6529 | D:7      | Found a snail-covered altar of Cheibriados.
  7539 | D:7      | Killed a two-headed ogre
  7539 | D:7      | Reached *** piety under Okawaru
  7540 | D:7      | Reached skill level 5 in Armour
  7540 | D:7      | Reached XP level 9. HP: 26/78 MP: 2/9
  8001 | D:8      | Found a glowing silver altar of Zin.
  8121 | D:8      | Reached skill level 1 in Invocations
  8186 | D:8      | Reached skill level 5 in Fighting
  8317 | D:8      | Found a sparkling altar of Nemelex Xobeh.
  8488 | D:9      | Found a radiant altar of Vehumet.
  8556 | D:9      | Found a staircase to the Lair.
  8583 | D:9      | Reached skill level 1 in Dodging
  8608 | D:9      | Reached skill level 5 in Shields
  8884 | D:9      | Reached **** piety under Okawaru
  8935 | D:9      | Reached XP level 10. HP: 86/86 MP: 12/12
  8976 | D:9      | Found a flagged portal.
  9016 | Bailey   | Entered a bailey
  9030 | Bailey   | Noticed an orc warlord
  9208 | Bailey   | Found a runed translucent gate.
  9210 | Bailey   | Found a runed translucent gate.
  9211 | Bailey   | Found a runed translucent gate.
  9405 | Bailey   | Killed an orc warlord
  9405 | Bailey   | Received a gift from Okawaru
  9405 | Bailey   | Reached ***** piety under Okawaru
 10126 | Lair:1   | Entered Level 1 of the Lair of Beasts
 10157 | D:9      | Identified a scroll of acquirement
 10157 | D:9      | Acquired a manual of Maces & Flails
 10202 | D:10     | Entered Level 10 of the Dungeon
 10378 | D:9      | Reached skill level 5 in Invocations
 10385 | D:9      | Received a gift from Okawaru
 10399 | D:9      | Got a pair of faintly humming gloves {god gift}
 10405 | D:9      | Identified the +2 pair of gloves of the Sunfish {rElec
                  | Int+6} (Okawaru gifted it to you on level 9 of the Dungeon)
 11056 | D:10     | Reached XP level 11. HP: 97/97 MP: 15/15
 12197 | D:11     | Found a runed translucent gate.
 12197 | D:11     | Found a runed translucent gate.
 12197 | D:11     | Found a runed translucent gate.
 12347 | D:11     | Reached skill level 10 in Maces & Flails
 12461 | D:11     | Noticed Gadfly's ghost (journeyman HaFi)
 12516 | D:11     | Received a gift from Okawaru
 12541 | D:11     | Paralysed by a hornet for 2 turns
 12574 | D:11     | Killed Gadfly's ghost
 13574 | D:12     | Noticed a four-headed hydra
 13589 | D:12     | Killed a four-headed hydra
 13589 | D:12     | Received a gift from Okawaru
 13702 | D:12     | Noticed a two-headed ogre
 13718 | D:12     | Killed a two-headed ogre
 13748 | D:12     | Reached XP level 12. HP: 66/107 MP: 11/17
 13779 | D:12     | Noticed a two-headed ogre
 13780 | D:12     | Noticed a two-headed ogre
 13797 | D:12     | Noticed Fannar
 13805 | D:12     | Killed a two-headed ogre
 13810 | D:12     | Killed a two-headed ogre
 13814 | D:12     | HP: 5/107 [Fannar/refrigeration (8)]
 14265 | D:12     | Killed Fannar
 15023 | D:12     | Identified the ring of Munk {*Corrode +Inv rPois Int+3
                  | Stlth-}
 15060 | D:12     | Noticed a centaur warrior
 15070 | D:12     | Killed a centaur warrior
 15543 | D:13     | HP: 1/108 [deep elf mage/bolt of lightning (9)]
 16243 | D:12     | Found Sanwikhlo's Armour Emporium.
 16302 | D:12     | Found a staircase to the Orcish Mines.
 16304 | D:12     | Found Zack's Weapon Emporium.
 16346 | D:12     | Bought the +9 plate armour of Decaying Miracles {Rampage
                  | rF+ Int+3 Dex-2} for 841 gold pieces
 16352 | D:12     | Gained mutation: You are strong-willed. (Will+) [potion of
                  | mutation]
 16352 | D:12     | Gained mutation: You can roll at foes to attack. [potion of
                  | mutation]
 16354 | D:12     | Reached skill level 1 in Evocations
 16354 | D:12     | Reached XP level 13. HP: 111/114 MP: 18/20
 16762 | D:13     | Received a gift from Okawaru
 16948 | D:13     | Found Diluw's Jewellery Shoppe.
 17016 | D:13     | Found a glowing golden altar of the Shining One.
 17072 | D:13     | Received a gift from Okawaru
 17224 | D:13     | Found Oteariaq's Elemental Accessories.
 17276 | D:13     | Reached ****** piety under Okawaru
 17430 | D:13     | Reached XP level 14. HP: 90/124 MP: 21/21
 17471 | D:13     | Noticed a frost giant
 17485 | D:13     | Killed a frost giant
 17486 | D:13     | Reached skill level 10 in Invocations
 17557 | D:13     | Received a gift from Okawaru
 17953 | D:13     | Received a gift from Okawaru
 17954 | D:13     | Got a spiked barding {god gift}
 17976 | D:12     | Identified the +0 barding "Inno" {rC+ Str+4} (Okawaru
                  | gifted it to you on level 13 of the Dungeon)
 18736 | D:13     | Found a gate to the Vaults.
 18797 | D:13     | Found the +2 hat of the Bear Spirit {Spirit, +Rage rN+
                  | Will++}
 19281 | D:14     | Reached skill level 10 in Shields
 20104 | D:15     | Entered Level 15 of the Dungeon
 20832 | D:15     | Found a stormy altar of Qazlal.
 20959 | D:15     | Received a gift from Okawaru
 21234 | D:15     | Reached skill level 5 in Evocations
 21785 | D:15     | Reached skill level 10 in Fighting
 21797 | D:15     | Reached XP level 15. HP: 134/134 MP: 23/23
 21845 | D:15     | Received a gift from Okawaru
 21852 | D:15     | Got a jewelled hat {god gift}
 21864 | D:15     | Identified the +0 hat "Wayniufo" {Int+7} (Okawaru gifted it
                  | to you on level 15 of the Dungeon)
 21893 | D:15     | Noticed Kirke
 21916 | D:15     | Noticed a sphinx
 21928 | D:14     | Killed Kirke
 21977 | D:15     | Acquired the amulet "Inapiosa" {Will+ Regen+}
 22101 | D:15     | Found a staircase to the Depths.
 22463 | Orc:1    | Entered Level 1 of the Orcish Mines
 23118 | Orc:2    | Entered Level 2 of the Orcish Mines
 23118 | Orc:2    | Found Ikhet's Weapon Boutique.
 23118 | Orc:2    | Found a staircase to the Elven Halls.
 23538 | Orc:2    | Found Jyhisi's Antique Armour Shop.
 23651 | Orc:2    | Found Hiuhuprod's Antique Weapon Boutique.
 23666 | Orc:2    | Found a radiant altar of Vehumet.
 23715 | Orc:2    | Found Ica Fue's Distillery.
 23858 | Orc:2    | Found an ancient bone altar of Kikubaaqudgha.
 23908 | Orc:2    | Found a roughly hewn altar of Beogh.
 23908 | Orc:2    | Found Qikaman's Book Boutique.
 24013 | Orc:2    | Bought a potion of mutation for 96 gold pieces
 24013 | Orc:2    | Bought a potion of mutation for 96 gold pieces
 24013 | Orc:2    | Bought a potion of heal wounds for 60 gold pieces
 24013 | Orc:2    | Bought 2 potions of mutation for 192 gold pieces
 24056 | Orc:2    | Bought an embroidered cloak for 255 gold pieces
 24159 | Orc:2    | Found a bloodstained altar of Trog.
 26295 | Lair:2   | Received a gift from Okawaru
 26648 | Lair:2   | Found a burning altar of Makhleb.
 27142 | Lair:2   | Found a staircase to the Shoals.
 27355 | Lair:3   | Noticed Snorg
 27380 | Lair:2   | Killed Snorg
 27549 | Lair:3   | You fall into a shaft and drop 2 floors!
 27744 | Lair:4   | Found a hole to the Spider Nest.
 27810 | Lair:4   | Reached skill level 10 in Armour
 28267 | Lair:3   | Reached XP level 16. HP: 145/145 MP: 25/25
 28365 | Lair:3   | Got a masterwork flail
 28366 | Lair:3   | Identified the +6 flail "Xemnemp" {flame, MP+9} (You found
                  | it on level 3 of the Lair of Beasts)
 28524 | Lair:3   | Got an ancient robe
 29808 | Lair:5   | Found a hide-covered altar of Uskayaw.
 30150 | Lair:6   | Entered Level 6 of the Lair of Beasts
 30631 | Lair:6   | Received a gift from Okawaru
 30632 | Lair:6   | Reached skill level 10 in Axes
 30862 | Lair:6   | Found a staircase to the Slime Pits.
 30862 | Lair:6   | Found a viscous altar of Jiyva.
 31118 | Lair:6   | Found the +2 Maxwell's thermic engine {flame, freeze}
 31118 | Lair:6   | Noticed Nessos
 31175 | Lair:6   | Killed Nessos
 31735 | Lair:6   | Reached skill level 1 in Long Blades
 32039 | Lair:6   | Got a pair of encrusted gloves
 32050 | Lair:6   | Identified the +2 pair of gloves "Xukel" {Harm rElec rC+}
                  | (You found it on level 6 of the Lair of Beasts)
 32518 | Spider:1 | Entered Level 1 of the Spider Nest
 32779 | Spider:1 | Received a gift from Okawaru
 32784 | Spider:1 | Got a scorched hand axe {god gift}
 32785 | Spider:1 | Identified the +1 hand axe "Guozeohe" {drain, Stlth+}
                  | (Okawaru gifted it to you on level 1 of the Spider Nest)
 33111 | Spider:1 | Acquired the ring of Baif {rF++ Slay+4}
 33899 | Spider:2 | Received a gift from Okawaru
 33904 | Spider:2 | Got a bloodstained broad axe {god gift}
 33905 | Spider:2 | Identified the +6 broad axe "Deoseiji" {flame, rN+ MP+9}
                  | (Okawaru gifted it to you on level 2 of the Spider Nest)
 34613 | Spider:3 | Reached XP level 17. HP: 150/156 MP: 26/26
 34667 | Spider:4 | Entered Level 4 of the Spider Nest
 34799 | Spider:3 | Reached skill level 5 in Dodging
 34938 | Spider:3 | Noticed Arachne
 34956 | Spider:3 | Killed Arachne
 34956 | Spider:3 | Received a gift from Okawaru
 37623 | Spider:4 | Reached skill level 5 in Long Blades
 38762 | Spider:4 | Received a gift from Okawaru
 38962 | Spider:3 | Reached XP level 18. HP: 154/166 MP: 28/28
 39543 | Spider:4 | Got a gossamer rune of Zot
 40083 | Shoals:1 | Entered Level 1 of the Shoals
 40681 | Shoals:1 | Received a gift from Okawaru
 40686 | Shoals:1 | Got a jewelled eveningstar {god gift}
 40687 | Shoals:1 | Identified the +10 eveningstar "Icleall" {holy, rElec rF+
                  | rN+ Will+} (Okawaru gifted it to you on level 1 of the
                  | Shoals)
 41127 | Shoals:2 | Noticed Polyphemus
 41156 | Shoals:2 | Killed Polyphemus
 41162 | Shoals:2 | Noticed Aizul
 41183 | Shoals:1 | Killed Aizul
 41581 | Shoals:2 | Reached skill level 10 in Evocations
 41604 | Shoals:2 | Found a frozen archway.
 41621 | Shoals:2 | Acquired 1030 gold pieces
 41646 | IceCv    | Entered an ice cave
 41873 | IceCv    | Received a gift from Okawaru
 42323 | Shoals:2 | Found Qizxojul's Weapon Boutique.
 42756 | Shoals:2 | Found Ujujin's Island Escapes.
 42876 | Shoals:2 | Bought a wand of digging (5) for 198 gold pieces
 42876 | Shoals:2 | Bought a scroll of blinking for 82 gold pieces
 42876 | Shoals:2 | Bought a scroll of blinking for 82 gold pieces
 43139 | Shoals:3 | Received a gift from Okawaru
 43858 | Shoals:3 | Identified the +9 ring mail of Submission {Harm rCorr Str-3
                  | Stlth+} (Okawaru gifted it to you on level 3 of the Shoals)
 44301 | Shoals:4 | Entered Level 4 of the Shoals
 45329 | Shoals:4 | Reached XP level 19. HP: 152/178 MP: 29/29
 46051 | Shoals:4 | Received a gift from Okawaru
 46238 | Shoals:4 | Got a barnacled rune of Zot
 46810 | Elf:1    | Entered Level 1 of the Elven Halls
 46823 | Elf:1    | Received a gift from Okawaru
 47359 | Elf:1    | Received a gift from Okawaru
 47538 | Elf:1    | Noticed Agnes
 47539 | Elf:1    | Noticed Frances
 47629 | Orc:2    | Killed Agnes
 47933 | Elf:1    | Killed Frances
 47947 | Elf:1    | Reached skill level 15 in Invocations
 47980 | Elf:1    | Got a steaming demon whip {god gift}
 47981 | Elf:1    | Identified the +9 demon whip of Cehavo Vanor {flame, rPois
                  | rC+ Stlth-} (Okawaru gifted it to you on level 1 of the
                  | Elven Halls)
 49019 | Elf:2    | Received a gift from Okawaru
 49131 | Elf:2    | Found a runed translucent door.
 49180 | Elf:2    | Noticed Rennog's ghost (adept DsBe)
 49233 | Elf:2    | Killed Rennog's ghost
 49244 | Elf:2    | Identified the +5 scimitar of the Screaming Seer {protect,
                  | *Rage +Blink rC- Int+3 Dex+3} (You found it on level 2 of
                  | the Elven Halls)
 49304 | Elf:2    | Found a huge runed translucent gate.
 49304 | Elf:2    | Found a huge runed translucent gate.
 49304 | Elf:2    | Found a huge runed translucent gate.
 49310 | Elf:2    | Found a huge runed translucent gate.
 49310 | Elf:2    | Found a huge runed translucent gate.
 49376 | Elf:2    | Cast into level 2 of the Abyss (+1 halberd of distortion)
 49391 | Abyss:2  | Noticed a Tzitzimitl
 49399 | Abyss:2  | Noticed a Brimstone Fiend
 49423 | Abyss:2  | Reached skill level 15 in Fighting
 50201 | Abyss:2  | Reached XP level 20. HP: 144/190 MP: 26/31
 50203 | Abyss:2  | Received a gift from Okawaru
 50228 | Elf:2    | Escaped the Abyss
 51550 | Elf:3    | Entered Level 3 of the Elven Halls
 52608 | Elf:3    | Received a gift from Okawaru
 53166 | Elf:3    | HP: 2/192 [deep elf sorcerer/damnation (27)]
 53167 | Elf:3    | Killed from afar by a deep elf sorcerer

Illustrated notes

Levels and vault maps discovered:
D:1:      minmay_arrival_widening_spiral_wide, layout_basic, serial_bayou,
          serial_bayou_lagoon_a, serial_bayou_lake_a, serial_bayou_pond_d,
          serial_bayou_pond_a, minmay_bisected
D:2:      layout_rooms, old_standard_altar
D:3:      layout_basic
D:4:      layout_cave_pools, serial_shops, nicolae_shop_stone
D:5:      layout_basic, temple_pool_b, serial_shops, shop
D:6:      layout_basic, overflow_temple_1_default,
          pdpol_wu_jian_five_deadly_venoms
D:7:      layout_basic, overflow_temple_1_default, serial_bayou_lagoon_b
D:8:      layout_cave_pools, nicolae_dithmenos_the_darkroom,
          kennysheep_mini_moat, zin_scriptorium, lemuel_crystal_altar
D:9:      layout_roguey, vehumet_statue, due_lair_maze_entry_diamond,
          enter_bailey_3, minmay_door_square
D:10:     layout_irregular_city, chequers_decorated_corner,
          mrwooster_statue_mirror, kb_rosetta
D:11:     layout_roguey, gammafunk_ghost_icy
D:12:     kennysheep_green_arena, layout_basic, orc_david_3,
          hangedman_misty_isle, uniq_fannar
D:13:     hangedman_cross_veins, layout_irregular_city,
          hangedman_vaults_entry_quadrant_bands, serial_shops, shop,
          gauntlet_entry_generic, nicolae_elemental_shop, tso_metal_star
D:14:     layout_cave_pods, grunt_decor_arrowhead
D:15:     gammafunk_enter_depths_forms, layout_loops_corners, basic_altar,
          skrybe_limestone_x, uniq_kirke
Temple:   cyrus_circular_temple
Lair:1:   layout_cave_pods, enter_volcano_3, minivault_23,
          nicolae_quartered_pool_medium, minmay_shattered_shrine,
          serial_bayou_shore_b
Lair:2:   layout_regular_city, elwin_shoals_entry_rooms, lemuel_oklob_altar,
          serial_bayou_shore_b, infiniplex_staircase_pool_2
Lair:3:   layout_gridlike, serial_bayou_ford_a, beast_lair_carwin_1,
          minmay_lair_oklob_chamber, uniq_snorg
Lair:4:   layout_gridlike, dummy_spider_entry
Lair:5:   layout_small_grid, basic_altar, grunt_megastairs_2
Lair:6:   guppyfry_lair_end_dragon, layout_cave_shapes,
          hangedman_lair_caniforms_friends, slime_altar_1, grunt_megastairs_4,
          uniq_nessos
Shoals:1: layout_shoals
Shoals:2: layout_shoals, serial_shops, shop_fountains,
          portal_ice_cave_entry_ice_statue_two, nicolae_island_escapes,
          uniq_polyphemus, uniq_aizul
Shoals:3: layout_shoals, nicolae_shoals_hunting_party
Shoals:4: shoals_end_simple, layout_shoals
Spider:1: layout_spider_delve, guppyfry_spider_mini_2
Spider:2: layout_spider_delve
Spider:3: layout_chambers, drop_trap, uniq_arachne
Spider:4: johnstein_spider_rune_arachne_lair, zaba_anthell,
          nicolae_spider_cling_ruins
Orc:1:    layout_caves, guppyfry_library_mini
Orc:2:    kennysheep_orc_mage_school, layout_caves, serial_shops,
          nicolae_shop_statue_plus, basic_altar, lemuel_statue_altar
Elf:1:    elf_arrival_001, layout_loops_cross, hangedman_elf_disciples,
          sword_in_stone
Elf:2:    layout_loops_cross, ebering_ghost_reflecting_pool,
          amcnicky_mini_corridor_feature, nicolae_elf_stair_hall
Elf:3:    minmay_elf_hall_circle, layout_onion_city, uniq_louise

Skill      XL: |  1  2  3  4  5  6  7  8  9 10 11 12 13 14 15 16 17 18 19 20 |
---------------+-------------------------------------------------------------+-----
Axes           | 3 4 5 6 9 10 12 | 12.9
Shields        | 3 4 5 6 7 8 9 10 11 | 11.2
Armour         | 3 4 5 6 7 8 9 10 11 12 13 | 13.3
Fighting       | 4 5 6 7 8 10 11 12 14 15 | 15.9
Maces & Flails | 3 6 7 9 11 13 14 | 14.8
Throwing       | 1 2 3 |  3.0
Invocations    | 3 5 7 9 11 12 13 14 15 | 15.6
Dodging        | 1 2 4 5 |  5.5
Evocations     | 1 3 5 6 8 9 10 11 | 11.3
Long Blades    | 3 5 7 8 9 |  9.7

Action                   |  1- 3 |  4- 6 |  7- 9 | 10-12 | 13-15 | 16-18 | 19-21 || total
-------------------------+-------+-------+-------+-------+-------+-------+-------++-------
Melee: War axe           |   105 |    37 |       |       |       |       |       ||   142
       Tailslap          |    14 |    16 |    35 |   107 |   290 |   280 |   105 ||   847
       Hand axe          |       |    75 |       |       |       |       |       ||    75
       Mace              |       |    17 |   283 |   646 |   800 |       |       ||  1746
       Broad axe         |       |       |       |    37 |   702 |  1601 |   605 ||  2945
       Flail             |       |       |       |       |       |     5 |       ||     5
       Eveningstar       |       |       |       |       |       |       |   124 ||   124
Throw: Stone             |     1 |       |       |       |       |       |       ||     1
       Dart              |       |     8 |     6 |    15 |     5 |     4 |       ||    38
       Javelin           |       |       |       |       |    21 |     6 |       ||    27
       Boomerang         |       |       |       |       |       |     3 |     6 ||     9
Invok: Heroism           |       |       |     3 |     5 |     8 |    11 |     2 ||    29
       Finesse           |       |       |       |       |       |     3 |     1 ||     4
 Abil: Rolling Charge    |    15 |    25 |    37 |    45 |    87 |   147 |    73 ||   429
       Evoke Berserk Rag |       |       |       |       |       |     3 |     1 ||     4
       Evoke Flight      |       |       |       |       |       |     3 |       ||     3
Evoke: Wand              |       |       |     1 |     1 |       |     2 |     3 ||     7
       Tin of tremorston |       |       |       |     1 |       |     6 |     1 ||     8
       Lightning rod     |       |       |       |       |       |     3 |     4 ||     7
       Condenser vane    |       |       |       |       |       |     2 |     1 ||     3
       Phial of floods   |       |       |       |       |       |     1 |     1 ||     2
  Use: Scroll            |     2 |     3 |     3 |    14 |     8 |    16 |     8 ||    54
       Potion            |       |       |     3 |    10 |     1 |     3 |     3 ||    20
 Stab: Invisible         |       |       |       |     3 |       |       |       ||     3
       Petrified         |       |       |       |       |     3 |    16 |       ||    19
       Held in net/web   |       |       |       |       |       |     1 |       ||     1
       Distracted        |       |       |       |       |       |       |     1 ||     1
Armor: Scale mail        |    39 |       |       |   220 |       |       |       ||   259
       Plate armour      |    29 |   101 |   198 |    58 |   926 |  2041 |   604 ||  3957
Dodge: Dodged            |    15 |     8 |    51 |   136 |   244 |   514 |   129 ||  1097
Block: Kite shield       |    46 |    51 |   165 |   489 |  1078 |  1819 |   649 ||  4297
       Reflection        |       |       |       |    18 |    40 |   123 |    69 ||   250
